 Dungeon Crawl Stone Soup version 0.27-a0-797-g27d10ad80f (webtiles) character file.

Game seed: 800043650074723954

34 polve the Slasher (level 3, -1/29 HPs)
             Began as a Demonspawn Abyssal Knight on Mar 27, 2021.
             Was a Follower of Lugonu.
             Slain by a goblin
             ... wielding a +0 club
              (5 damage)
             ... on level 2 of the Dungeon.
             The game lasted 00:01:16 (1362 turns).

polve the Slasher (Demonspawn Abyssal Knight)       Turns: 1362, Time: 00:01:16

Health: -1/29      AC:  3    Str: 12    XL:     3   Next: 14%
Magic:  4/4        EV: 11    Int: 14    God:    Lugonu [*.....]
Gold:   45         SH:  0    Dex: 12    Spells: 2/2 levels left

rFire    . . .     SeeInvis .   a - +1 falchion
rCold    . . .     Faith    .   (no shield)
rNeg     . . .     Spirit   .   b - +0 leather armour
rPois    .         Reflect  .   (helmet restricted)
rElec    .         Harm     .   (no cloak)
rCorr    .         Rampage  .   (no gloves)
Will     .....                  (no boots)
Stlth    +.........             e - amulet of magic regeneration
HPRegen  0.09/turn              (no ring)
MPRegen  0.34/turn              (no ring)

@: no status effects
A: horns 1, foul stench 1
a: Renounce Religion, Depart the Abyss


You were on level 2 of the Dungeon.
You worshipped Lugonu.
Lugonu was aware of your devotion.
You visited 1 branch of the dungeon, and saw 2 of its levels.
You visited the Abyss 1 time.

You collected 45 gold pieces.

Inventory:

Hand Weapons
 a - a +1 falchion (weapon)
Armour
 b - a +0 leather armour (worn)
Jewellery
 e - an amulet of magic regeneration (around neck)
Scrolls
 c - a scroll of silence
 d - a scroll of blinking {unknown}
 f - a scroll of enchant armour {unknown}


   Skills:
 - Level 3.0 Fighting
 + Level 3.3 Long Blades
 - Level 1.7 Armour
 - Level 0.8 Dodging
 - Level 2.4 Invocations


You had 2 spell levels left.
You didn't know any spells.
Your spell library was empty.

Dungeon Overview and Level Annotations

Branches:
Dungeon (2/15)

Altars:

Shops:
D:1 **


Innate Abilities, Weirdness & Mutations

You have a pair of small horns on your head.
You may rarely emit foul miasma when damaged in melee.


Message History

The adder is engulfed in dark miasma.
The adder looks even sicker.
The adder bites you.
You are too injured to fight recklessly!
You are too injured to fight recklessly!
You are too injured to fight recklessly!
You are too injured to fight recklessly!
You are too injured to fight recklessly!
You are too injured to fight recklessly!
You are too injured to fight recklessly!
You are too injured to fight recklessly!
You are too injured to fight recklessly!
You are too injured to fight recklessly!
You are too injured to fight recklessly!
You are too injured to fight recklessly!
You are too injured to fight recklessly!
You are too injured to fight recklessly!
You feel sick.
You feel sick.
You are no longer poisoned.
You kill the adder!
Lugonu accepts your kill. The goblin closely misses you.
You have reached level 3!
Your experience leads to an increase in your attributes!
Increase (S)trength, (I)ntelligence, or (D)exterity?
You feel clever.
You feel monstrous as your demonic heritage exerts itself.
Your demonic ancestry asserts itself...
A pair of horns grows on your head! The goblin hits you with a +0 club.
* * * LOW HITPOINT WARNING * * *
The goblin barely misses you. The quokka barely misses you.
You riposte.
You barely miss the quokka.
You headbutt the quokka, but do no damage.
The goblin hits you with a +0 club.
* * * LOW HITPOINT WARNING * * *
The quokka misses you.
You riposte.
You hit the quokka.
The quokka is moderately wounded.
The goblin hits you with a +0 club.
You die...

##. ... #.. #.#
#.# #.# #.# ##.##
.
######.@g####....
........r........
######..J#.......
##.##....... #.#
####... #.# ..
#.# . #.#######.#
..........#


You could see an endoplasm, a quokka and a goblin.

Vanquished Creatures
  An adder (D:2)
  3 endoplasms (D:1)
  A giant cockroach (D:1)
  3 goblins (D:1)
  2 hobgoblins (D:1)
  2 ball pythons (D:1)
  3 bats (D:1)
  2 frilled lizards (D:1)
  3 kobolds (D:1)
  4 rats
24 creatures vanquished.

Notes
Turn   | Place    | Note
-------+----------+-------------------------------------------
     0 | Abyss:1  | polve the Demonspawn Abyssal Knight began the quest for the
                  | Orb.
     0 | Abyss:1  | Reached XP level 1. HP: 18/18 MP: 2/2
    91 | Abyss:1  | Found a corrupted altar of Lugonu.
   264 | Abyss:1  | Noticed a raiju
   266 | Abyss:1  | Noticed a starcursed mass
   270 | D:1      | Escaped the Abyss
   289 | D:1      | Found Hice's General Store.
   374 | D:1      | Found Iployrrukk's General Store.
   403 | D:1      | Reached * piety under Lugonu
   518 | D:1      | Gained mutation: You may rarely emit foul miasma when
                  | damaged in melee. [demonic ancestry]
   518 | D:1      | Reached XP level 2. HP: 24/24 MP: 3/3
  1359 | D:2      | Gained mutation: You have a pair of small horns on your
                  | head. [demonic ancestry]
  1359 | D:2      | Reached XP level 3. HP: 9/29 MP: 4/4
  1362 | D:2      | Slain by a goblin

Illustrated notes

Levels and vault maps discovered:
D:1:      minmay_arrival_stone_box, layout_rooms, serial_shops, shop, shop
D:2:      layout_loops_ring, uniq_natasha

Skill      XL: |  1  2 |
---------------+-------+-----
Long Blades    | 2 3 |  3.3
Fighting       | |  3.0
Armour         | |  1.7
Dodging        | |  0.8
Invocations    | |  2.4

Action                   || total
-------------------------++-------
Melee: Falchion          ||    64
       Headbutt          ||     1
Invok: Depart the Abyss  ||     1
  Use: Scroll            ||     2
Armor: Leather armour    ||    18
Dodge: Dodged            ||    52
       Rpst.: Falchion   ||    10

Table legend: (Time is in decaauts)
 A = Elapsed time spent in this place.
 B = Non-inter-level travel time spent in this place.
 C = Inter-level travel time spent in this place.
 D = Time resting spent in this place.
 E = Time spent auto-exploring this place.
 F = Levels seen in this place.
 G = Mean time per level.
                   A        B        C        D        E       F      G
               +--------+--------+--------+--------+--------+-----+--------+
         Total |   1372 |   1350 |     22 |     18 |   1152 |   3 |  457.3 |
       Dungeon |   1102 |   1080 |     22 |      0 |    917 |   2 |  551.0 |
         Abyss |    270 |    270 |      0 |     18 |    235 |   1 |  270.0 |
               +--------+--------+--------+--------+--------+-----+--------+

Top non-repeatable levels by time:
     D:1: 1081 daAuts
 Abyss:1: 270 daAuts
     D:2: 21 daAuts
